 Dungeon Sprint DCSS version 0.31.0-32-g396128a36d (webtiles) character file.

Game seed: 10389704014141251667

7814 Heoruswealwe the Phalangite (level 11, -7/112 HPs)
             Began as a Minotaur Fighter on Apr 19, 2024.
             Was an Initiate of Gozag.
             Killed from afar by a lindwurm (33 damage)
             ... with a blast of flame
             ... in the Dungeon (Sprint IX: "|||||||||||||||||||||||||||||").
             The game lasted 00:10:19 (1557 turns).

Heoruswealwe the Phalangite (Minotaur Fighter)      Turns: 1557, Time: 00:10:20

Health: -7/112     AC: 16    Str: 29    XL:     11   Next: 1%
Magic:  10/10      EV: 13    Int:  5    God:    Gozag
Gold:   3294       SH:  0    Dex:  9    Spells: 10/10 levels left

rFire   . . .        b - +2 halberd (venom)
rCold   . . .        (shield currently unavailable)
rNeg    . . .        c - +1 chain mail
rPois   .            (helmet restricted)
rElec   .            h - +0 cloak
rCorr   .            (no gloves)
SInv    .            (no boots)
Will    .....        (no amulet) Stlth
                     k - +3 ring of strength
HPRegen 0.38/turn    j - +2 ring of evasion
MPRegen 0.12/turn

%: no teleportation
@: gold aura
A: horns 2, retaliatory headbutt
a: Renounce Religion, Potion Petition, Call Merchant, Bribe Branch


You were in the Dungeon.
You worshipped Gozag.
Gozag was most pleased with you.
You visited 1 branch You collected 3294 gold pieces.

Inventory:

Hand Weapons
 a - a +0 trident
 b - a +2 halberd of venom (weapon)
Armour
 c - a +1 chain mail (worn)
 d - a +0 kite shield
 h - a +0 cloak (worn)
Jewellery
 j - a +2 ring of evasion (right hand)
 k - a +3 ring of strength (left hand)
Wands
 l - a wand of quicksilver (10)
Scrolls
 n - 4 scrolls of blinking
 o - 2 scrolls of enchant weapon
Potions
 e - 3 potions of mutation
 f - 3 potions of curing
 m - a potion of might


   Skills:
 + Level 15.2 Fighting
 * Level 21.1 Polearms
 + Level 16.9 Armour
 - Level 6.7 Dodging
 - Level 1.1 Stealth
 - Level 3.6 Shields


You had 10 spell levels left.
You didn't know any spells.
Your spell library was empty.

Dungeon Overview and Level Annotations

Branches:
Dungeon (1/1)

Altars:
Cheibriados
Dithmenos
Elyvilon
Fedhas
Gozag
Hepliaklqana
Kikubaaqudgha
Makhleb
Nemelex Xobeh
Okawaru
Qazlal
Ru
Sif Muna
Trog
Uskayaw
Vehumet
Wu Jian
Xom
Yredelemnul
Zin
The Shining One
Jiyva
Lugonu


Innate Abilities, Weirdness & Mutations

You have a pair of horns on your head.
You reflexively headbutt those who attack you in melee.


Message History

The tyrant leech barely misses you.
You closely miss the tyrant leech. Your headbutt misses the tyrant leech.
The tyrant leech is moderately wounded.
You closely miss the tyrant leech. Your headbutt misses the tyrant leech.
The tyrant leech is moderately wounded.
The tyrant leech is distracted by your dazzling golden aura.
The tyrant leech barely misses you.
You puncture the tyrant leech!
The tyrant leech looks as sick as possible!
The tyrant leech is severely wounded.
You hit the tyrant leech.
The tyrant leech looks as sick as possible!
The tyrant leech is severely wounded.
The tyrant leech bites you!
* * * LOW HITPOINT WARNING * * *
The tyrant leech draws strength from your injuries!
You closely miss the tyrant leech. Your headbutt misses the tyrant leech.
The tyrant leech is severely wounded.
You barely miss the tyrant leech.
The tyrant leech is severely wounded.
The tyrant leech barely misses you. You furiously retaliate!
You headbutt the tyrant leech! You slash the tyrant leech!
You kill the tyrant leech!
The tyrant leech is no longer distracted by gold.
You have reached level 11!
You barely miss the lindwurm. You puncture the lindwurm!
The lindwurm is moderately wounded.
The lindwurm bites you.
* * * LOW HITPOINT WARNING * * *
The lindwurm claws you.
* * * LOW HITPOINT WARNING * * *
The lindwurm misses you.
You slice the lindwurm!!
The lindwurm is severely wounded.
The lindwurm breathes flames at you. The blast of flame hits you!!
You die...
Your body crumbles into a pile of gold.

▓_▓.▓.▓
▓_▓.▓.▓
▓_▓.▓.▓
▓_▓.▓.▓
▓_▓.▓.▓
▓_▓.▓.▓
▓_▓.▓.▓
▓_▓.▓.▓
▓_▓.▓@▓
▓'▓.▓k▓
▓!▓.▓w▓
▓?▓.▓w▓
▓)▓.▓w▓
▓[▓.▓.▓
▓[▓.▓.▓
▓.▓.▓.▓
▓.▓.▓


You could see 2 tyrant leeches, a lindwurm (catching breath) and a ribbon worm.

Vanquished Creatures
  3 hydras (D)
  A centaur warrior (D)
  A tengu warrior (D)
  An ugly thing (D)
  An elephant (D)
  3 cane toads (D)
  4 komodo dragons (D)
  A rime drake (D)
  A polar bear (D)
  2 tyrant leeches (D)
  A blink frog (shapeshifter) (D)
  A wraith (D)
  2 yaks (D)
  2 water moccasins (D)
  An ogre (D)
  2 wolves (D)
  A centaur (D)
  A bullfrog (D)
  A gnoll sergeant (D)
  A scorpion (D)
  A howler monkey (D)
  A jelly (D)
  2 orc wizards (D)
  An adder (D)
  An orc (D)
  A bat (D)
  2 endoplasms (D)
  A goblin (D)
  A rat (D)
42 creatures vanquished.

Notes
Turn   | Place    | Note
-------+----------+-------------------------------------------
     0 | D        | Heoruswealwe the Minotaur Fighter began the quest for the
                  | Orb.
     0 | D        | Reached XP level 1. HP: 19/19 MP: 0/0
     7 | D        | Reached skill level 3 in Polearms
    42 | D        | Noticed an ogre
    42 | D        | Noticed a water moccasin
    42 | D        | Noticed a jelly
    47 | D        | Killed an ogre
    48 | D        | Reached skill level 7 in Polearms
    48 | D        | Reached XP level 2. HP: 30/30 MP: 1/1
    48 | D        | Reached XP level 3. HP: 37/37 MP: 2/2
    48 | D        | Reached XP level 4. HP: 44/44 MP: 3/3
    64 | D        | Killed a water moccasin
    65 | D        | Reached skill level 9 in Polearms
    65 | D        | Reached XP level 5. HP: 22/53 MP: 4/4
    66 | D        | Reached skill level 10 in Polearms
    74 | D        | Found a snail-covered altar of Cheibriados.
    74 | D        | Found a shadowy altar of Dithmenos.
    74 | D        | Found a white marble altar of Elyvilon.
    74 | D        | Found a blossoming altar of Fedhas.
    74 | D        | Found an opulent altar of Gozag.
    75 | D        | Found a hazy altar of Hepliaklqana.
    76 | D        | Found a viscous altar of Jiyva.
    77 | D        | Found an ancient bone altar of Kikubaaqudgha.
    78 | D        | Found a corrupted altar of Lugonu.
    79 | D        | Found a burning altar of Makhleb.
    80 | D        | Found a sparkling altar of Nemelex Xobeh.
    81 | D        | Found an iron altar of Okawaru.
    82 | D        | Became a worshipper of Gozag Ym Sagoz the Greedy
    83 | D        | Found a stormy altar of Qazlal.
    84 | D        | Found a sacrificial altar of Ru.
    85 | D        | Found a shimmering blue altar of Sif Muna.
    86 | D        | Found a bloodstained altar of Trog.
    87 | D        | Found a hide-covered altar of Uskayaw.
    88 | D        | Found a radiant altar of Vehumet.
    89 | D        | Found an ornate altar of the Wu Jian Council.
    90 | D        | Found a shimmering altar of Xom.
    91 | D        | Found a basalt altar of Yredelemnul.
    92 | D        | Found a glowing silver altar of Zin.
    93 | D        | Found a glowing golden altar of the Shining One.
   220 | D        | Noticed a yak
   220 | D        | Noticed a wraith
   227 | D        | Killed a yak
   228 | D        | Reached skill level 11 in Polearms
   228 | D        | Reached skill level 1 in Dodging
   228 | D        | Reached XP level 6. HP: 50/63 MP: 5/5
   254 | D        | Killed a wraith
   255 | D        | Reached skill level 12 in Polearms
   255 | D        | Reached skill level 10 in Armour
   255 | D        | Reached XP level 7. HP: 57/71 MP: 6/6
   265 | D        | Reached skill level 10 in Fighting
   265 | D        | Reached skill level 13 in Polearms
   365 | D        | Noticed a seven-headed hydra
   365 | D        | Noticed a death drake
   365 | D        | Noticed a tengu warrior
   365 | D        | Noticed a centaur warrior
   365 | D        | Noticed a green ugly thing
   365 | D        | a death drake changed into a black mamba
   365 | D        | Noticed a black mamba (shapeshifter)
   368 | D        | a black mamba changed into an endoplasm
   369 | D        | Killed a tengu warrior
   370 | D        | Reached skill level 14 in Polearms
   370 | D        | Reached XP level 8. HP: 50/82 MP: 7/7
   377 | D        | Killed an 11-headed hydra
   378 | D        | Reached skill level 15 in Polearms
   379 | D        | an endoplasm changed into a raiju
   379 | D        | Noticed a raiju (shapeshifter)
   388 | D        | Killed a centaur warrior
   389 | D        | Reached skill level 16 in Polearms
   389 | D        | Reached skill level 5 in Dodging
   389 | D        | Reached XP level 9. HP: 36/91 MP: 8/8
   390 | D        | Killed a green ugly thing
   391 | D        | Reached skill level 17 in Polearms
   846 | D        | Noticed an elephant
   846 | D        | Noticed a komodo dragon
   857 | D        | Reached skill level 18 in Polearms
   860 | D        | Killed an elephant
   861 | D        | Noticed a rime drake
   863 | D        | Killed a komodo dragon
   864 | D        | Reached skill level 15 in Armour
   864 | D        | Reached XP level 10. HP: 82/101 MP: 9/9
   879 | D        | Reached skill level 19 in Polearms
   935 | D        | Noticed a four-headed hydra
   935 | D        | Noticed a cane toad
   935 | D        | Noticed a six-headed hydra
   939 | D        | Noticed a cane toad
   949 | D        | Killed an 11-headed hydra
   950 | D        | Reached skill level 1 in Stealth
   955 | D        | Killed a 12-headed hydra
   957 | D        | Killed a cane toad
   960 | D        | Noticed a cane toad
   965 | D        | Reached skill level 20 in Polearms
  1236 | D        | Killed a cane toad
  1237 | D        | Reached skill level 15 in Fighting
  1241 | D        | Killed a cane toad
  1251 | D        | HP: 5/105 [poisoned by a cane toad]
  1531 | D        | Noticed a lindwurm
  1545 | D        | Reached skill level 21 in Polearms
  1555 | D        | Reached XP level 11. HP: 34/112 MP: 10/10
  1557 | D        | Killed from afar by a lindwurm

Illustrated notes

Levels and vault maps discovered:
D:        linesprint [early_d, line_temple, items_1, d_10, items_2, lair_1,
          lair_end, items_3, orc_1, orc_end, items_4, d_15, swamp_1, shoals_1,
          snake_1, spider_1, d_20, vaults_1, items_5, swamp_end, shoals_end,
          snake_end, spider_end, vaults_end, d_27, items_6, zot_1, zot_end,
          crypt_end, forest_end, elf_end, slime_end, tomb_end, abyss_end,
          pan_hell_end]

Skill      XL: |  1  2  3  4  5  6  7  8  9 10 |
---------------+-------------------------------+-----
Polearms       | 7 9 11 12 14 16 18 21 | 21.1
Fighting       | 6 7 9 11 12 13 15 | 15.2
Armour         | 6 7 9 10 12 13 15 16 | 16.9
Dodging        | 1 3 5 6 |  6.7
Stealth        | 1 |  1.1
Shields        | |  3.6

Action                     |  1- 3 |  4- 6 |  7- 9 | 10-12 || total
---------------------------+-------+-------+-------+-------++-------
  Melee: Trident           |    18 |    18 |       |       ||    36
         Headbutt          |     2 |     3 |    11 |    16 ||    32
         Halberd           |       |    31 |    51 |    71 ||   153
    Use: Potion            |       |     4 |     3 |     4 ||    11
   Stab: Distracted        |       |       |     1 |     1 ||     2
 Armour: Scale mail        |     9 |    14 |       |       ||    23
         Chain mail        |       |    26 |    69 |    66 ||   161
  Dodge: Dodged            |     7 |     7 |    33 |    45 ||    92
  Block: Buckler           |     6 |     3 |       |       ||     9
